 Dungeon Crawl Stone Soup version 0.27.1-4-g1640c2035a (webtiles) character file.

Game seed: 11052872418737842818

319 H0rd4k the Charlatan (level 6, -5/44 HPs)
             Began as a Human Artificer on Nov 2, 2021.
             Was an Initiate of Gozag.
             Slain by a black bear (6 damage)
             ... on level 4 of the Dungeon.
             The game lasted 00:05:52 (6438 turns).

H0rd4k the Charlatan (Human Artificer)              Turns: 6438, Time: 00:05:53

Health: -5/44      AC:  3    Str: 14    XL:     6   Next: 74%
Magic:  6/6        EV: 12    Int: 12    God:    Gozag
Gold:   231        SH:  0    Dex: 13    Spells: 5/5 levels left

rFire    . . .     SeeInvis .   f - +0 dagger
rCold    . . .     Faith    .   (no shield)
rNeg     . . .     Spirit   .   b - +0 leather armour
rPois    .         Reflect  .   (no helmet)
rElec    .         Harm     .   (no cloak)
rCorr    .         Rampage  .   (no gloves)
Will     .....                  (no boots)
Stlth    +.........             (no amulet)
HPRegen  0.14/turn              (no ring)
MPRegen  0.10/turn              (no ring)

@: no status effects
A: no striking features
a: Renounce Religion, Potion Petition, Call Merchant, Bribe Branch


You were on level 4 of the Dungeon.
You worshipped Gozag.
Gozag was aware of your devotion.
You visited 1 branch of the dungeon, and saw 4 of its levels.

You collected 299 gold pieces.
You paid 68 gold pieces to Gozag.

Inventory:

Hand Weapons
 f - a +0 dagger (weapon)
Missiles
 l - 4 poisoned darts (quivered)
 q - a throwing net
Armour
 b - a +0 leather armour (worn)
Jewellery
 s - an amulet of the acrobat
Wands
 c - a wand of flame (7)
 d - a wand of charming (14)
Scrolls
 a - 3 scrolls of teleportation {unknown}
 g - a scroll of fog {unknown}
 i - 3 scrolls of enchant weapon {unknown}
 j - 4 scrolls of identify {unknown}
 n - a scroll of magic mapping {unknown}
 o - a scroll of noise {unknown}
 r - 2 scrolls of blinking {unknown}
 u - a scroll of brand weapon {unknown}
Potions
 h - 2 potions of curing
 k - a potion of berserk rage {unknown}
 m - a potion of resistance {unknown}
 p - a potion of attraction {unknown}
 t - a potion of ambrosia {unknown}
 v - 2 potions of brilliance {unknown}
Miscellaneous
 e - a piece from Xom's chessboard (15/15)


   Skills:
 + Level 2.3 Fighting
 + Level 3.0 Short Blades
 + Level 2.7 Throwing
 - Level 2.0 Armour
 + Level 3.0 Dodging
 - Level 1.0 Stealth
 + Level 3.8 Evocations


You had 5 spell levels left.
You didn't know any spells.
Your spell library contained the following spells:

 Spells                   Type           Power      Damage    Failure   Level
 Shock                    Conj/Air       0%         1d3       38%         1
 Swiftness                Air            0%         N/A       77%         3
 Airstrike                Air            0%         N/A       99%         4


Dungeon Overview and Level Annotations

Branches:
Dungeon (4/15)
 Temple: D:4-7

Altars:
Gozag
Wu Jian

Annotations:
D:1 exclusion: downstairs
D:4 exclusion: necrophage


Message History

The black bear misses you. The black bear closely misses you. x2
You throw a poisoned dart. The poisoned dart hits the black bear!
The black bear looks even sicker.
The black bear misses you. The black bear closely misses you.
The black bear claws you.
You throw a poisoned dart.
The poisoned dart closely misses the black bear.
The black bear bites you.
The black bear claws you but does no damage.
The black bear barely misses you.
You throw a poisoned dart. The poisoned dart hits the black bear.
The black bear looks as sick as possible!
The black bear is lightly wounded.
The black bear bites you.
The black bear claws you but does no damage.
The black bear claws you.
You throw a poisoned dart. The poisoned dart hits the black bear.
The black bear looks as sick as possible!
The black bear is moderately wounded.
You throw a poisoned dart. The poisoned dart hits the black bear!
The black bear looks as sick as possible!
The black bear is moderately wounded.
The black bear bites you! The black bear misses you. The black bear claws you.
You are too injured to fight recklessly!
You hit the black bear.
The black bear is heavily wounded.
The black bear bites you. The black bear barely misses you.
The black bear closely misses you.
The black bear goes berserk!
Aiming: Throw Flame
Press: ? - help, Shift-Dir - straight line, f/p - black bear
Aim: a black bear (severely wounded, berserk, extremely poisoned, 79% to hit)
The puff of flame hits the black bear.
The black bear is almost dead.
The black bear bites you!
* * * LOW HITPOINT WARNING * * *
The black bear claws you.
* * * LOW HITPOINT WARNING * * *
The black bear claws you.
You die...
Your body crumbles into a pile of gold.

........#
##...#....#
#.#.)'.' ........#
....(....# #.####.#
........# ........
#....... ........#
#...... #.####.#
........# ........
#.#..#.# ........#
$...... #.#.#..'.'
........# #$##..#
#.#.#'##.#
........# #h##..#
#.#.)..)..
.......... #@##..#
#.#.#+##.#
........#. #.##..#
#.#.#..#.#
........# #.##..#
#.#.#..'.'
####..### #.....#
#.#.####.# ####.##
#......)..
#.####.########
#### ##.##........#
....##............#
#.#..#..##........#


You could see a black bear (berserk, extremely poisoned).

Vanquished Creatures
  A gnoll shaman (D:4)
  Jessica (D:3)
  Terence (D:3)
  An iguana (D:4)
  Robin (D:3)
  6 gnolls
  4 adders
  An adder skeleton (D:3)
  2 dart slugs
  2 orcs (D:4)
  7 ball pythons
  7 bats
  2 endoplasms
  9 giant cockroaches
  16 goblins
  8 hobgoblins
  11 jackals
  A quokka (D:2)
  6 frilled lizards
  8 kobolds
  6 rats
101 creatures vanquished.

Vanquished Creatures (others)
  A hobgoblin (D:4)
  A fungus (D:1)
2 creatures vanquished.

Grand Total: 103 creatures vanquished

Notes
Turn   | Place    | Note
-------+----------+-------------------------------------------
     0 | D:1      | H0rd4k the Human Artificer began the quest for the Orb.
     0 | D:1      | Reached XP level 1. HP: 15/15 MP: 1/1
   244 | D:1      | Reached XP level 2. HP: 17/21 MP: 2/2
   940 | D:1      | Reached XP level 3. HP: 24/26 MP: 3/3
  2234 | D:1      | Found a faded altar of an unknown god.
  2558 | D:2      | Reached skill level 1 in Short Blades
  2748 | D:2      | Reached XP level 4. HP: 28/32 MP: 4/4
  3294 | D:2      | Found an ornate altar of the Wu Jian Council.
  4014 | D:3      | Reached XP level 5. HP: 21/38 MP: 5/5
  4319 | D:3      | Noticed Robin
  4339 | D:3      | Killed Robin
  4537 | D:3      | Noticed Jessica
  4545 | D:3      | Killed Jessica
  4546 | D:3      | Reached skill level 1 in Throwing
  4613 | D:3      | Noticed Terence
  4637 | D:3      | Killed Terence
  4638 | D:3      | Reached XP level 6. HP: 33/44 MP: 6/6
  5586 | D:4      | Found an opulent altar of Gozag.
  5599 | D:4      | Became a worshipper of Gozag Ym Sagoz the Greedy
  5797 | D:4      | Noticed a necrophage
  6418 | D:4      | Noticed a black bear
  6438 | D:4      | HP: 1/44 [black bear (5)]
  6438 | D:4      | Slain by a black bear

Illustrated notes

Levels and vault maps discovered:
D:1:      lemuel_arrival_behind_the_door_large, layout_basic,
          shapermc_ecumenical_altar_hornbeckon, minivault_27
D:2:      layout_rooms, basic_altar, minmay_misc_feat_columns
D:3:      layout_basic, uniq_robin, uniq_jessica, uniq_terence
D:4:      minmay_door_path, layout_basic, jmf_multi_god_temple2,
          mainiacjoe_overflow_cross_hatched, eino_small_chamber_without_monster,
          minmay_fractal_squares_5, uniq_blork_the_orc

Skill      XL: |  1  2  3  4  5  6 |
---------------+-------------------+-----
Short Blades   | 1 2 3 |  3.0
Dodging        | 2 3 |  3.0
Fighting       | 2 |  2.3
Throwing       | 1 2 |  2.7
Armour         | |  2.0
Stealth        | |  1.0
Evocations     | |  3.8

Action                   |  1- 3 |  4- 6 || total
-------------------------+-------+-------++-------
Melee: Dagger            |   265 |   253 ||   518
       Club              |     8 |       ||     8
Throw: Dart              |       |    96 ||    96
Evoke: Wand              |       |     9 ||     9
 Stab: Sleeping          |       |     1 ||     1
Armor: Leather armour    |    93 |    48 ||   141
Dodge: Dodged            |   174 |   165 ||   339
